 Dungeon Crawl Stone Soup version 0.29-a0-321-gf1c400731a (webtiles) character file.

Game seed: 7908280560961877267

21 Hubjo the Skirmisher (level 2, 0/24 HPs)
             Began as a Demonspawn Monk on Apr 4, 2022.
             Was an Initiate of Gozag.
             Slain by a goblin
             ... wielding a +0 club
              (4 damage)
             ... on level 1 of the Dungeon.
             The game lasted 00:00:37 (740 turns).

Hubjo the Skirmisher (Demonspawn Monk)               Turns: 740, Time: 00:00:38

Health: 0/24       AC:  2    Str: 11    XL:     2   Next: 65%
Magic:  2/2        EV: 13    Int: 11    God:    Gozag
Gold:   67         SH:  0    Dex: 15    Spells: 1/1 levels left

rFire   . . .      SeeInvis .   a - +0 short sword
rCold   . . .      Faith    .   (no shield)
rNeg    . . .      Spirit   .   b - +0 robe
rPois   .          Reflect  .   (no helmet)
rElec   .          Harm     .   (no cloak)
rCorr   .          Rampage  .   (no gloves)
Will    .....                   (no boots)
Stlth   ++........              (no amulet)
HPRegen 0.08/turn               (no ring)
MPRegen 0.08/turn               (no ring)

@: no status effects
A: ignite blood 1
a: Renounce Religion, Potion Petition, Call Merchant, Bribe Branch


You were on level 1 of the Dungeon.
You worshipped Gozag.
Gozag was noncommittal.
You visited 1 branch of the dungeon, and saw 1 of its levels.

You collected 67 gold pieces.

Inventory:

Hand Weapons
 a - a +0 short sword (weapon)
Armour
 b - a +0 robe (worn)
Scrolls
 d - a scroll of noise {unknown}
 e - a scroll of vulnerability {unknown}
 f - a scroll of identify {unknown}
 g - 2 scrolls of fog {unknown}
 h - a scroll of magic mapping {unknown}
 i - a scroll of immolation {unknown}
 j - a scroll of teleportation {unknown}
Potions
 c - a potion of ambrosia
 k - a potion of cancellation {unknown}


   Skills:
 + Level 3.2 Fighting
 + Level 2.9 Short Blades
 + Level 2.9 Dodging
 + Level 2.2 Stealth


You had one spell level left.
You didn't know any spells.
Your spell library was empty.

Dungeon Overview and Level Annotations

Branches:
Dungeon (1/15)

Altars:
Gozag


Innate Abilities, Weirdness & Mutations

Your demonic aura sometimes causes spilled blood to erupt in flames.


Message History

Found 8 gold pieces.
A goblin is nearby!
A goblin is nearby!
The goblin shouts!
The goblin hits you with a +0 club. The goblin hits you with a +0 club.
The goblin hits you with a +0 club. The goblin completely misses you.
The goblin closely misses you. The goblin closely misses you.
The goblin hits you with a +0 club. The goblin hits you but does no damage.
The goblin barely misses you. The goblin closely misses you.
The goblin barely misses you. The goblin completely misses you.
The goblin hits you but does no damage. The goblin misses you.
The goblin hits you with a +0 club. The goblin misses you.
The goblin barely misses you. The goblin barely misses you.
The goblin closely misses you. The goblin hits you but does no damage.
The goblin barely misses you. The goblin closely misses you.
The goblin hits you with a +0 club. The goblin closely misses you.
The goblin hits you with a +0 club. The goblin hits you with a +0 club.
* * * LOW HITPOINT WARNING * * *
The goblin hits you with a +0 club.
* * * LOW HITPOINT WARNING * * *
The goblin barely misses you. The goblin closely misses you.
The goblin barely misses you. The goblin hits you but does no damage.
The goblin hits you with a +0 club.
You die...
Your body crumbles into a pile of gold.

###.##
#.#................#
# #..
..######.#...#..####
### ####
#.###.......#
#######........##.#
#.......###.##.# #
#...)...#......#
#.......#.#.#####
........#........
$.....g@.#.......
........###...##.#
......... .##.# $#
.########.. .# #. ..
## #


You could see a goblin.

Vanquished Creatures
  A gnoll (D:1)
  A dart slug (D:1)
  A goblin (D:1)
  2 hobgoblins (D:1)
  2 quokkas (D:1)
  2 bats (D:1)
  A rat (D:1)
10 creatures vanquished.

Notes
Turn   | Place    | Note
-------+----------+-------------------------------------------
     0 | D:1      | Hubjo the Demonspawn Monk began the quest for the Orb.
     0 | D:1      | Reached XP level 1. HP: 18/18 MP: 1/1
   551 | D:1      | Gained mutation: Your demonic aura sometimes causes spilled
                  | blood to erupt in flames. [demonic ancestry]
   551 | D:1      | Reached XP level 2. HP: 24/24 MP: 2/2
   634 | D:1      | Found a faded altar of an unknown god.
   644 | D:1      | Prayed at the altar of an unknown god.
   644 | D:1      | Became a worshipper of Gozag Ym Sagoz the Greedy
   740 | D:1      | Slain by a goblin

Illustrated notes

Levels and vault maps discovered:
D:1:      dpeg_arrival_round_b, layout_loops_cross, serial_shops,
          nicolae_shop_overgrown_old_shop, hellmonk_ecumenical_altar_lost_god

Skill      XL: |  1 |
---------------+----+-----
Stealth        | 2 |  2.2
Fighting       | |  3.2
Short Blades   | |  2.9
Dodging        | |  2.9

Action                   || total
-------------------------++-------
Melee: Short sword       ||    37
       Punch             ||     2
 Stab: Sleeping          ||     3
Armor: Robe              ||     5
Dodge: Dodged            ||    46

Table legend: (Time is in decaauts)
 A = Elapsed time spent in this place.
 B = Non-inter-level travel time spent in this place.
 C = Inter-level travel time spent in this place.
 D = Time resting spent in this place.
 E = Time spent auto-exploring this place.
 F = Levels seen in this place.
 G = Mean time per level.
                   A        B        C        D        E       F      G
               +--------+--------+--------+--------+--------+-----+--------+
         Total |    738 |    726 |     12 |      0 |    586 |   1 |  738.0 |
       Dungeon |    738 |    726 |     12 |      0 |    586 |   1 |  738.0 |
               +--------+--------+--------+--------+--------+-----+--------+

Top non-repeatable levels by time:
     D:1: 738 daAuts
